 Dungeon Crawl Stone Soup version 0.24-a0-235-g3f03afc (webtiles) character file.

Game seed: 2148236158946177921

135 Gorice the Bolt Thrower (level 5, 0/40 HPs)
             Began as a Gnoll Wanderer on Apr 7, 2019.
             Slain by a river rat (5 damage)
             ... in a sewer.
             The game lasted 00:06:56 (2020 turns).

Gorice the Bolt Thrower (Gnoll Wanderer)            Turns: 2020, Time: 00:06:57

Health: 0/40       AC:  9    Str: 20    XL:     5   Next: 18%
Magic:  7/7        EV:  9    Int: 14    God:
Gold:   82         SH:  0    Dex: 13    Spells: 6/6 levels left

rFire    . . .     SeeInvis .   a - +0 whip
rCold    . . .     Gourm    .   (no shield)
rNeg     . . .     Faith    .   l - +0 chain mail
rPois    .         Spirit   .   (no helmet)
rElec    .         Reflect  .   (no cloak)
rCorr    .         Harm     .   (no gloves)
MR       .....                  (no boots)
Stlth    ..........             (no amulet)
HPRegen  0.13/turn              e - +3 ring of strength
MPRegen  0.10/turn              (no ring)

@: no status effects
A: distributed training, fangs 1, strong nose
a: no special abilities


You were in a sewer.
You were not hungry.

You visited 1 branch of the dungeon, and saw 3 of its levels.
You also visited: Sewer.

You collected 82 gold pieces.

Inventory:

Hand Weapons
 a - a +0 whip (weapon)
 h - a +0 club
 j - a +0 mace
 m - a +0 short sword
 q - a +0 spear
Missiles
 g - 14 arrows
 p - 29 sling bullets
 r - 37 bolts
 Y - 84 stones (quivered)
 Z - 2 throwing nets {!f}
Armour
 b - a +1 ring mail
 l - a +0 chain mail (worn)
Jewellery
 e - a +3 ring of strength (left hand)
Wands
 d - a wand of flame (15)
Scrolls
 c - a scroll of teleportation {!r}
 i - a scroll of magic mapping {!r}
 n - a scroll of amnesia
 o - a scroll of enchant armour
Potions
 k - a potion of curing
 s - a potion of agility {!q}
 u - a potion of lignification {unknown}
 v - a potion of ambrosia {unknown}
Comestibles
 f - 5 rations
 t - 3 chunks of flesh


   Skills:
 + Level 2.9 Fighting
 + Level 1.3 Short Blades
 + Level 1.3 Long Blades
 + Level 1.3 Axes
 + Level 1.3 Maces & Flails
 + Level 1.3 Polearms
 + Level 1.3 Staves
 + Level 1.3 Slings
 + Level 1.3 Bows
 + Level 6.6 Crossbows
 + Level 1.3 Throwing
 + Level 4.7 Armour
 + Level 2.9 Dodging
 + Level 2.7 Stealth
 + Level 1.3 Shields
 + Level 2.9 Unarmed Combat
 + Level 1.3 Spellcasting
 + Level 1.1 Conjurations
 + Level 1.1 Hexes
 + Level 1.1 Charms
 + Level 1.1 Summonings
 + Level 1.1 Necromancy
 + Level 1.1 Translocations
 + Level 1.1 Transmutations
 + Level 1.1 Fire Magic
 + Level 1.1 Ice Magic
 + Level 1.1 Air Magic
 + Level 1.1 Earth Magic
 + Level 1.1 Poison Magic
 + Level 1.5 Invocations
 + Level 2.9 Evocations


You had 6 spell levels left.
You didn't know any spells.
Your spell library was empty.

Dungeon Overview and Level Annotations

Branches:
Dungeon (3/15)

Altars:
Qazlal
Ru


Innate Abilities, Weirdness & Mutations

Your experience applies equally to all skills.
You have very sharp teeth.
Your uncanny sense of smell can sniff out nearby items.


Message History

There is a glowing drain here.
You enter the shallow water.
Moving in this stuff is going to be slow.
Y - 84 stones (gained 1)
f - 5 rations (gained 1) Eat one of 4 chunks of flesh? (ye/n/q)
You eat one of the 4 chunks of flesh.
This raw flesh tastes terrible.
You enter the shallow water.
Moving in this stuff is going to be slow.
There is a glowing drain here.
The world spins around you as you enter the gateway.
You enter a sewer! 3 rats and 2 river rats come into view.
Found a gate leading back out of this place.
There is an empty arch of ancient stone here.
Unknown command.
There is a gate leading back out of this place here.
Your chain mail prevents you from hitting the river rat.
The river rat bites you!
* * * LOW HITPOINT WARNING * * *
Damage: 7 (max 7) Unknown command.
You hit the river rat.
The river rat is moderately wounded.
The rat bites you.
* * * LOW HITPOINT WARNING * * *
The river rat bites you!
* * * LOW HITPOINT WARNING * * *
Damage: 9 (max 9)
You feel better. The rat bites you but does no damage.
The river rat barely misses you.
Really quaff
s - a potion of agility {!q}?
Okay, then.
Your chain mail prevents you from hitting the river rat.
The river rat is lightly wounded.
The rat barely misses you. The river rat bites you.
* * * LOW HITPOINT WARNING * * *
Damage: 3 (max 9)
You hit the river rat but do no damage.
The river rat is lightly wounded.
The rat bites you.
* * * LOW HITPOINT WARNING * * *
The river rat bites you but does no damage.
Damage: 1 (max 9)
You whack the river rat!
You kill the river rat!
You closely miss the rat. The rat bites you but does no damage.
Unknown command.
You hit the rat but do no damage. The river rat bites you.
You die...

#.#
#.#
#.#
#.#
#.#
#r#
#r#
#r#
#@#
#r#
#.#
#.#
###


You could see a river rat and 3 rats.

Vanquished Creatures
  A gnoll (D:1)
  3 river rats
  3 adders
  2 dart slugs
  4 bats
  5 giant cockroaches
  7 goblins
  9 hobgoblins
  8 kobolds
  4 quokkas (D:2)
  A ball python (D:1)
  9 frilled lizards
  12 rats
68 creatures vanquished.

Notes
Turn   | Place    | Note
-------+----------+-------------------------------------------
     0 | D:1      | Gorice the Gnoll Wanderer began the quest for the Orb.
     0 | D:1      | Gorice set off with the following items: a +0 club, a +0
                  | ring mail, a scroll of teleportation {!r}, a wand of flame
                  | (15), a ration
     0 | D:1      | Reached XP level 1. HP: 17/17 MP: 2/2
   144 | D:1      | Reached XP level 2. HP: 18/23 MP: 3/3
   396 | D:1      | Reached XP level 3. HP: 28/28 MP: 4/4
   607 | D:1      | Reached skill level 1 in Invocations
   710 | D:2      | Reached skill level 1 in Short Blades
   710 | D:2      | Reached skill level 1 in Long Blades
   710 | D:2      | Reached skill level 1 in Axes
   710 | D:2      | Reached skill level 1 in Maces & Flails
   710 | D:2      | Reached skill level 1 in Polearms
   710 | D:2      | Reached skill level 1 in Staves
   710 | D:2      | Reached skill level 1 in Slings
   710 | D:2      | Reached skill level 1 in Bows
   710 | D:2      | Reached skill level 1 in Throwing
   710 | D:2      | Reached skill level 1 in Shields
   710 | D:2      | Reached skill level 1 in Spellcasting
   710 | D:2      | HP: 8/28 [poisoned by an adder]
   716 | D:2      | HP: 6/28 [poisoned by an adder]
   723 | D:2      | HP: 4/28 [poisoned by an adder]
   731 | D:2      | HP: 3/28 [poisoned by an adder]
  1010 | D:2      | Reached XP level 4. HP: 27/34 MP: 6/6
  1169 | D:2      | Found a stormy altar of Qazlal.
  1433 | D:2      | Found a sacrificial altar of Ru.
  1614 | D:2      | Reached skill level 1 in Conjurations
  1614 | D:2      | Reached skill level 1 in Hexes
  1614 | D:2      | Reached skill level 1 in Charms
  1614 | D:2      | Reached skill level 1 in Summonings
  1614 | D:2      | Reached skill level 1 in Necromancy
  1614 | D:2      | Reached skill level 1 in Translocations
  1614 | D:2      | Reached skill level 1 in Transmutations
  1614 | D:2      | Reached skill level 1 in Fire Magic
  1614 | D:2      | Reached skill level 1 in Ice Magic
  1614 | D:2      | Reached skill level 1 in Air Magic
  1614 | D:2      | Reached skill level 1 in Earth Magic
  1614 | D:2      | Reached skill level 1 in Poison Magic
  1929 | D:3      | Found a glowing drain.
  1959 | D:3      | Reached XP level 5. HP: 14/40 MP: 7/7
  1974 | D:3      | HP: 11/40 [river rat (5)]
  2009 | Sewer    | Entered a sewer
  2013 | Sewer    | HP: 10/40 [river rat (7)]
  2014 | Sewer    | HP: 1/40 [river rat (7)]
  2020 | Sewer    | Slain by a river rat

Levels and vault maps discovered:
D:1:      wander_arrival_chamber, layout_rooms, nrook_mini_backslash,
          minmay_three_crescents
D:2:      layout_basic, nicolae_ru_great_annihilating_truth,
          nicolae_qazlal_eye_of_the_storm
D:3:      layout_loops_corners, grunt_temple_overflow_octagram,
          portal_sewer_entry_a, serial_glass, glass_columns_a, glass_columns_a,
          glass_columns_a, due_unseen_surprise, feat_on_display,
          feat_on_display, minmay_strange_pillars, minmay_liquid_box,
          minivault_19, minmay_curled_crystal
Sewer:    sewer_kobolds

Skill      XL: |  1  2  3  4 |
---------------+-------------+-----
Invocations    | 1 |  1.5
Short Blades   | 1 |  1.3
Long Blades    | 1 |  1.3
Axes           | 1 |  1.3
Maces & Flails | 1 |  1.3
Polearms       | 1 |  1.3
Staves         | 1 |  1.3
Slings         | 1 |  1.3
Bows           | 1 |  1.3
Throwing       | 1 |  1.3
Shields        | 1 |  1.3
Spellcasting   | 1 |  1.3
Conjurations   | 1 |  1.1
Hexes          | 1 |  1.1
Charms         | 1 |  1.1
Summonings     | 1 |  1.1
Necromancy     | 1 |  1.1
Translocations | 1 |  1.1
Transmutations | 1 |  1.1
Fire Magic     | 1 |  1.1
Ice Magic      | 1 |  1.1
Air Magic      | 1 |  1.1
Earth Magic    | 1 |  1.1
Poison Magic   | 1 |  1.1
Fighting       | |  2.9
Crossbows      | |  6.6
Armour         | |  4.7
Dodging        | |  2.9
Stealth        | |  2.7
Unarmed Combat | |  2.9
Evocations     | |  2.9

Action                   |  1- 3 |  4- 6 || total
-------------------------+-------+-------++-------
Melee: Club              |    18 |       ||    18
       Whip              |   102 |   157 ||   259
       Bite              |     6 |    13 ||    19
       Punch             |       |     2 ||     2
Throw: Stone             |       |     5 ||     5
  Use: Scroll            |     5 |     1 ||     6
       Potion            |       |     1 ||     1
 Stab: Paralysed         |       |     2 ||     2
  Eat: Chunk             |       |     4 ||     4
Armor: Ring mail         |    64 |     3 ||    67
       Chain mail        |       |    69 ||    69
Dodge: Dodged            |    82 |    81 ||   163

Table legend:
 A = Non-vault XP
 B = Vault XP
 C = Vault XP percentage of total XP
 D = Non-vault monster count
 E = Vault monster count
 F = Vault count percentage of total count
                 A         B        C        D         E       F
            +---------+---------+-------+---------+---------+-------
      Total |     120 |      74 |  38.1 |      50 |      18 |  26.5
            +---------+---------+-------+---------+---------+-------
        D:1 |      55 |       9 |  14.1 |      20 |       6 |  23.1
        D:2 |      62 |      19 |  23.5 |      28 |       4 |  12.5
        D:3 |       3 |      33 |  91.7 |       2 |       7 |  77.8
      Sewer |       0 |      13 | 100.0 |       0 |       1 | 100.0
            +---------+---------+-------+---------+---------+-------

Table legend:
 A = Turns spent in this place as a percentage of turns spent in the entire game.
 B = Non-inter-level travel turns spent in this place as a percentage of non-inter-level travel turns spent in the entire game.
 C = Inter-level travel turns spent in this place as a percentage of turns spent in this place.
 D = Turns resting spent in this place as a percentage of non-inter-level travel turns spent in this place.
 E = Turns spent auto-exploring this place as a percentage of non-inter-level travel turns spent in this place.
 F = Non-inter-level travel turns spent in this place divided by the number of levels of this place that you've seen.
                   A       B       C       D       E      F
               +-------+-------+-------+-------+-------+----------------------
         Total | 100.0 | 100.0 |   4.4 |  25.6 |  32.4 | 482.8
       Dungeon |  99.5 |  99.4 |   4.4 |  25.8 |  32.6 | 640.0
         Sewer |   0.5 |   0.6 |   0.0 |   0.0 |   0.0 |  11.0
               +-------+-------+-------+-------+-------+----------------------

Levels and vault maps discovered:
D:1:      wander_arrival_chamber, layout_rooms, nrook_mini_backslash,
          minmay_three_crescents
D:2:      layout_basic, nicolae_ru_great_annihilating_truth,
          nicolae_qazlal_eye_of_the_storm
D:3:      layout_loops_corners, grunt_temple_overflow_octagram,
          portal_sewer_entry_a, serial_glass, glass_columns_a, glass_columns_a,
          glass_columns_a, due_unseen_surprise, feat_on_display,
          feat_on_display, minmay_strange_pillars, minmay_liquid_box,
          minivault_19, minmay_curled_crystal
Sewer:    sewer_kobolds
